 Dungeon Crawl Stone Soup version 0.14.0-6-g1bc2dff (webtiles) character file.

365 Bonarez the Ruffian (level 5, 0/46 HPs)
             Began as a Ghoul Fighter on Apr 12, 2014.
             Was an Initiate of Ashenzari.
             Killed from afar by Aelig's ghost (14 damage)
             ... with a shard of ice
             ... on Level 5 of the Dungeon.
             The game lasted 00:08:24 (2721 turns).

Bonarez the Ruffian (Ghoul Fighter)                 Turns: 2721, Time: 00:08:24

HP   0/46        AC 12     Str 20      XL: 5   Next: 72%
MP   4/4         EV  6     Int  4      God: Ashenzari [......]
Gold 172         SH 18     Dex  8      Spells:  0 memorised,  4 levels left

rFire  . . .     SeeInvis .       - Unarmed
rCold  + + .     Clarity  .     q - +3 scale mail {rC+} (curse)
rNeg   + + +     Conserve .     c - +0 shield
rPois  +         rCorr    .     y - +0 helmet (curse)
rElec  .         rRot     +     (no cloak)
SustAb . .       Spirit   .     (no gloves)
rMut   .         Warding  .     l - +0 pair of boots
Saprov + + +     Stasis   .     (no amulet)
MR     .....                    (no ring)
                                w - ring of sustenance

@: rotting, not resistant to hostile enchantments, extremely unstealthy
A: rotting body, claws 1, carnivore 3, cold resistance 1, life protection 3,
poison resistance, saprovore 3, slow healing 1, torment resistance, unbreathing
a: Renounce Religion


You were on level 5 of the Dungeon.
You worshipped Ashenzari.
Ashenzari was noncommittal.
You were not hungry.

You visited 2 branches of the dungeon, and saw 6 of its levels.

You collected 172 gold pieces.

Inventory:

Armour
 c - a +0 shield (worn)
 l - a +0 pair of boots (worn)
 q - a cursed +3 scale mail of cold resistance (worn)
 y - a cursed +0 helmet (worn)
Magical devices
 e - a wand of slowing (0)
 F - a wand of lightning (3) {unknown}
Comestibles
 b - 2 rotting chunks of jackal flesh
 g - 2 chunks of worker ant flesh
 u - 3 rotting chunks of worker ant flesh
 v - a slice of pizza
 D - 2 chunks of giant mite flesh
Scrolls
 a - a scroll of enchant armour {unknown}
 f - 3 scrolls of teleportation
 i - a scroll of fog {unknown}
 k - a scroll of enchant weapon I {unknown}
 m - 3 scrolls of identify
 n - a scroll of blinking {unknown}
 o - a scroll of amnesia {unknown}
 p - a scroll of magic mapping {unknown}
 s - a scroll of enchant weapon II {unknown}
 B - a scroll of random uselessness {unknown}
 E - a scroll of noise {unknown}
 G - a scroll of curse weapon
Jewellery
 r - an uncursed ring of flight
 w - a ring of sustenance (left claw)
Potions
 h - a potion of resistance {unknown}
 j - 2 potions of curing {unknown}
 t - a potion of poison {unknown}
 x - a potion of berserk rage {unknown}
 z - a potion of brilliance {unknown}
 A - a potion of might
 C - a potion of magic {unknown}


   Skills:
 + Level 4.0 Fighting
 + Level 3.5 Armour
 + Level 3.5 Shields
 * Level 4.3 Unarmed Combat


You had 4 spell levels left.
You didn't know any spells.

Dungeon Overview and Level Annotations

Branches:
Dungeon (5/15)             Temple (1/1) D:4

Altars:
Ashenzari
Cheibriados
Dithmenos
Fedhas
Makhleb
Nemelex Xobeh
Sif Muna
Vehumet
Xom
Yredelemnul
Zin
The Shining One

Annotations:
D:4 Elizilla's ghost, experienced FoFi
D:5 Aelig's ghost, average OpIE


Innate Abilities, Weirdness & Mutations

Your body is rotting away.
You have sharp fingernails.
You are carnivorous and can eat meat at any time.
Your flesh is cold resistant.
You are immune to negative energy.
Your system is resistant to poisons.
You thrive on rotten meat.
You heal slowly when monsters are visible.
You are immune to unholy pain and torment.
You can survive without breathing.


Message History

You feel much better.
Aelig's ghost points at you and mumbles some strange words.
The shard of ice hits you! You partially resist.
Ouch! That really hurt!
Your shield prevents you from hitting Aelig's ghost.
Aelig's ghost is heavily damaged.
Aelig's ghost gestures at you while chanting.
You are frozen.
You hit Aelig's ghost but do no damage.
Aelig's ghost is heavily damaged.
Aelig's ghost barely misses you.
You hit Aelig's ghost.
Aelig's ghost is heavily damaged.
Aelig's ghost casts a spell at you.
You are frozen.
You hit Aelig's ghost but do no damage.
Aelig's ghost is heavily damaged.
Aelig's ghost gestures at you while chanting.
The shard of ice hits you! You partially resist.
You die...

#..#.# #..#.#
#..#.# #..#.### .
#<.#... ..#
#..#.##### ###..
#......#.. ...
#.####.#.####p#.#
#.# #.#.#..@...#
#.# ##.#.#.#.#..#
#.###....#.#.#..#
#......###......#
####.......#.#.#...
#..####.#.#.# #..#
#...# # #..# #####
#..#


You could see Aelig's ghost.

Vanquished Creatures
  A hound (D:4)
  2 worker ants
  Terence (D:2)
  3 adders
  A worm (D:3)
  2 giant mites
  A ball python (D:2)
  2 giant cockroaches (D:1)
  10 hobgoblins
  4 jackals (D:4)
  6 kobolds
  6 bats
  2 giant geckos
  A giant gecko skeleton (D:4)
  7 giant newts
  13 goblins
  2 rats
64 creatures vanquished.

Notes
Turn   | Place    | Note
--------------------------------------------------------------
     0 | D:1      | Bonarez, the Ghoul Fighter, began the quest for the Orb.
     0 | D:1      | Reached XP level 1. HP: 19/19 MP: 1/1
   103 | D:1      | Reached XP level 2. HP: 21/26 MP: 2/2
   606 | D:2      | Reached XP level 3. HP: 31/31 MP: 3/3
   840 | D:2      | Noticed Terence
  1034 | D:3      | Reached XP level 4. HP: 31/38 MP: 3/3
  1745 | D:2      | Killed Terence
  2494 | D:4      | Reached skill level 4 in Unarmed Combat
  2494 | D:4      | Reached XP level 5. HP: 37/46 MP: 4/4
  2528 | D:4      | Found a staircase to the Ecumenical Temple.
  2554 | Temple   | Entered the Ecumenical Temple
  2603 | Temple   | Became a worshipper of Ashenzari the Shackled
  2656 | D:4      | Noticed Elizilla's ghost (experienced FoFi)
  2666 | D:5      | Entered Level 5 of the Dungeon
  2699 | D:5      | Noticed Aelig's ghost (average OpIE)
  2721 | D:5      | Killed from afar by Aelig's ghost

Action                   |  1- 3 |  4- 6 || total
-------------------------+-------+-------++-------
Melee: Unarmed           |   157 |   151 ||   308
  Use: Scroll            |       |     4 ||     4
       Potion            |       |     3 ||     3
